 Dungeon Crawl Stone Soup version 0.21.0-22-g11d5b52 (webtiles) character file.

18967 Jatast the Impaler (level 12, -1/102 HPs)
             Began as a Merfolk Wanderer on Jan 18, 2018.
             Was an Elder of Trog.
             Slain by Rupert
             ... wielding a +4 great mace of draining
              (7 damage)
             ... on level 3 of the Lair of Beasts.
             The game lasted 00:34:30 (15360 turns).

Jatast the Impaler (Merfolk Wanderer)              Turns: 15360, Time: 00:34:31

Health: -1/102     AC: 27    Str: 14    XL:     12   Next: 64%
Magic:  12/12      EV: 12    Int: 13    God:    Trog [****..]
Gold:   401        SH:  0    Dex: 13    Spells: 11/11 levels left

rFire    . . .     SeeInvis +   x - +4 halberd
rCold    + + +     Gourm    .   (shield currently unavailable)
rNeg     . . .     Faith    .   R - +2 ice dragon scales
rPois    .         Spirit   .   q - +2 helmet
rElec    .         Reflect  .   g - +2 cloak
rCorr    .         Harm     .   z - +2 pair of gloves
MR       ++...                  m - +2 pair of boots {run}
Stlth    ..........             (no amulet)
HPRegen  1.27/turn              i - ring of see invisible
MPRegen  0.13/turn              O - ring "Jij Ycur" {rF+ rC+ AC+4 Str-2}

@: lethally poisoned (-1 -> -2), berserk cooldown, regenerating, slowed, very
heavily drained, very slow
A: change form in water, swift swim, stealthy swim
a: Berserk, Trog's Hand, Brothers in Arms, Burn Spellbooks, Renounce Religion


You were on level 3 of the Lair of Beasts.
You worshipped Trog.
Trog was greatly pleased with you.
You were very hungry.

You visited 3 branches of the dungeon, and saw 14 of its levels.
You also visited: Labyrinth.

You collected 599 gold pieces.
You spent 198 gold pieces at shops.

Inventory:

Hand Weapons
 x - a +4 halberd (weapon)
Armour
 g - a +2 cloak (worn)
 m - a +2 pair of boots of running (worn)
 q - a +2 helmet (worn)
 z - a +2 pair of gloves (worn)
 R - +2 ice dragon scales (worn)
Jewellery
 i - a ring of see invisible (left hand)
 O - the ring "Jij Ycur" (right hand) {rF+ rC+ AC+4 Str-2}
   (You found it in a labyrinth)

   [ring of protection]

   It affects your AC (+4).
   It affects your strength (-2).
   It protects you from fire.
   It protects you from cold.
Wands
 h - a wand of random effects (22)
 o - a wand of flame (21)
 u - a wand of polymorph (26)
 y - a wand of iceblast (32)
 B - a wand of paralysis (14)
 D - a wand of disintegration (29)
 E - a wand of clouds (4)
Scrolls
 c - 10 scrolls of teleportation
 e - 9 scrolls of remove curse
 F - 2 scrolls of enchant weapon
 H - 2 scrolls of fear
 I - a scroll of enchant armour
Potions
 a - 2 potions of lignification
 j - 2 potions of mutation
 k - 2 potions of magic
 l - 5 potions of heal wounds
 n - a potion of brilliance
 p - a potion of berserk rage
 r - 2 potions of ambrosia
 s - 2 potions of haste
 t - 4 potions of might
 v - a potion of agility
 w - a potion of resistance
 A - 9 potions of curing
 C - 2 potions of flight
 L - 2 potions of invisibility
Books
 N - a book of Maledictions

   Spells                             Type                      Level
   a - Corona                         Hexes                        1
   b - Ensorcelled Hibernation        Hexes/Ice                    2
   c - Confuse                        Hexes                        3
   d - Tukima's Dance                 Hexes                        3
   e - Dazzling Spray                 Conjuration/Hexes            3
   Trog disapproves of the use of such an item.
 P - a book of Party Tricks

   Spells                             Type                      Level
   a - Summon Butterflies             Summoning                    1
   b - Apportation                    Translocation                1
   c - Lesser Beckoning               Translocation                3
   d - Tukima's Dance                 Hexes                        3
   e - Alistair's Intoxication        Transmutation/Poison         5
   f - Invisibility                   Hexes                        6
   Trog disapproves of the use of such an item.
Comestibles
 d - 36 rations


   Skills:
 + Level 12.0(8.0) Fighting
   Level 1.1(0.0) Long Blades
 + Level 17.6(13.1) Polearms
   Level 1.0(0.0) Bows
 + Level 3.9(0.7) Armour
 + Level 13.2(9.1) Dodging
 - Level 1.1(0.0) Stealth
 - Level 1.0(0.0) Evocations


You had 11 spell levels left.
You didn't know any spells.

Dungeon Overview and Level Annotations

Branches:
Dungeon (10/15)            Temple (1/1) D:6            Lair (3/6) D:9
  Snake (0/4) Lair:2          Orc (0/2) D:9
  Swamp: Lair:2-4    Shoals: Lair:2-4

Altars:
Ashenzari
Cheibriados
Dithmenos
Elyvilon
Fedhas
Gozag
Hepliaklqana
Kikubaaqudgha
Makhleb
Nemelex Xobeh
Okawaru
Qazlal
Ru
Sif Muna
Trog
Uskayaw
Vehumet
Wu Jian
Xom
Yredelemnul
Zin
The Shining One

Shops:
D:10 !

Annotations:
D:5 , 2 transporters
Lair:3 1 runed door, Rupert


Message History

You closely miss Rupert.
Rupert is almost dead.
You feel sick.
The yak bellows!
A yak comes into view.
You barely miss Rupert.
Rupert is almost dead.
You feel sick. Rupert hits you but does no damage.
You feel drained. The water moccasin closely misses you.
The yak gores you but does no damage.
The yak moves out of view.
You closely miss Rupert.
Rupert is almost dead.
You are no longer berserk.
You are exhausted.
You feel yourself slow down.
You feel sick.
The water moccasin bites you but does no damage.
Rupert hits you with a great mace of draining!!
* * * LOW HITPOINT WARNING * * *
You feel drained.
You die...

# #. ### ###
####.##.###.# #+##
............♣♣♣≈≈♣♣##♣#♣
#..........♣♣≈≈≈P≈≈≈♣≈
#..S.....♣♣♣≈≈≈≈≈≈≈≈≈
#..@@.....♣♣♣P≈≈≈≈≈≈≈
#...YY......♣♣♣♣♣PP♣♣♣
.....Y........♣ ♣♣♣♣♣♣
....Y.........♣♣ ♣♣♣≈
.##............♣ ♣♣♣...
#...........♣♣ ♣P...≈
.Y#..........♣ ♣♣♣....≈
Y.".........♣♣ ♣.P....≈
..........♣♣♣P....≈≈


You could see Rupert (berserk), 6 yaks and a water moccasin.

Vanquished Creatures
  A minotaur (Lab)
  Fannar (Lair:2)
  A two-headed ogre (D:8)
  A death yak (Lair:2)
  2 spiny frogs
  5 komodo dragons
  A minotaur zombie (Lab)
  A troll (D:9)
  A hornet (D:10)
  5 blink frogs
  4 hippogriffs
  A spriggan (D:8)
  2 wyverns (D:8)
  Eustachio (D:4)
  The ghost of matthes123 the Chopper, an amateur MiFi of Yredelemnul (D:3)
  21 yaks
  2 hungry ghosts
  2 nagas (Lair:2)
  2 wargs (D:9)
  4 water moccasins
  A soldier ant (D:10)
  6 porcupines
  9 orc warriors
  3 ice beasts
  6 sky beasts
  2 phantoms
  2 black bears
  4 wolves (Lair:2)
  A necrophage (D:10)
  5 ogres
  5 centaurs
  A big kobold (D:10)
  4 crocodiles
  10 bullfrogs
  A wyvern zombie (D:7)
  A wyvern skeleton (D:10)
  2 scorpions
  A water moccasin skeleton (D:8)
  7 wights
  A howler monkey (D:9)
  5 crimson imps
  2 centaur zombies
  A quasit (D:10)
  Crazy Yiuf (D:5)
  4 bullfrog skeletons
  6 orc priests
  9 hounds
  An iguana (D:6)
  Jessica (D:2)
  14 orc wizards
  6 worker ants
  2 hound zombies (D:9)
  2 hound skeletons
  A worker ant zombie (D:6)
  A gnoll (D:1)
  A howler monkey skeleton (D:10)
  10 adders
  A shadow imp (D:5)
  2 adder skeletons
  A worm (D:2)
  6 leopard geckos
  47 orcs
  3 ball pythons
  3 bats
  6 giant cockroaches
  7 goblins
  8 hobgoblins
  10 jackals
  4 quokkas
  4 frilled lizards
  A jackal skeleton (D:6)
  10 kobolds
  4 rats
315 creatures vanquished.

Vanquished Creatures (collateral kills)
  A basilisk (Lair:2)
1 creature vanquished.

Vanquished Creatures (others)
  A fungus (Lair:3)
  A plant (Lair:2)
  10 toadstools (Lair:3)
12 creatures vanquished.

Grand Total: 328 creatures vanquished

Notes
Turn   | Place    | Note
-------+----------+-------------------------------------------
     0 | D:1      | Jatast the Merfolk Wanderer began the quest for the Orb.
     0 | D:1      | Jatast set off with: a +2 falchion, a +0 ring mail, a scroll of teleportation, a ration
     0 | D:1      | Reached XP level 1. HP: 20/20 MP: 1/1
    96 | D:1      | Reached XP level 2. HP: 24/26 MP: 2/2
   260 | D:1      | You fall through a shaft!
   312 | D:1      | Identified a +2 pair of boots of running (You found it on level 1 of the Dungeon)
   996 | D:1      | Reached skill level 5 in Fighting
   996 | D:1      | Reached XP level 3. HP: 33/33 MP: 3/3
  1429 | D:2      | Reached skill level 1 in Polearms
  1439 | D:2      | Noticed Jessica
  1447 | D:2      | Killed Jessica
  1447 | D:2      | Reached skill level 2 in Polearms
  1447 | D:2      | Reached XP level 4. HP: 34/39 MP: 4/4
  1554 | D:2      | Noticed an ogre
  1603 | D:2      | Killed an ogre
  1603 | D:2      | Reached skill level 3 in Polearms
  1603 | D:2      | Reached XP level 5. HP: 44/44 MP: 5/5
  1709 | D:2      | Reached skill level 4 in Polearms
  2451 | D:3      | Reached XP level 6. HP: 52/52 MP: 6/6
  2599 | D:3      | Reached skill level 5 in Polearms
  2602 | D:3      | Noticed matthes123's ghost (amateur MiFi)
  2774 | D:3      | Killed matthes123's ghost
  3097 | D:3      | Reached skill level 6 in Polearms
  3097 | D:3      | Reached skill level 5 in Dodging
  3106 | D:3      | Reached XP level 7. HP: 29/58 MP: 7/7
  3368 | D:4      | Reached skill level 7 in Polearms
  3732 | D:4      | Noticed Eustachio
  3837 | D:4      | Killed Eustachio
  3837 | D:4      | Reached skill level 8 in Polearms
  3837 | D:4      | Reached XP level 8. HP: 33/65 MP: 8/8
  4212 | D:5      | Entered Level 5 of the Dungeon
  4563 | D:5      | Reached skill level 9 in Polearms
  5005 | D:5      | Found a runed door.
  5051 | D:5      | Found a transporter.
  5087 | D:5      | Found a transporter.
  5972 | D:5      | Noticed Crazy Yiuf
  5976 | D:5      | Paralysed by Crazy Yiuf for 7 turns
  5984 | D:5      | HP: 1/67 [Crazy Yiuf/quarterstaff of chaos (4)]
  5987 | D:5      | Killed Crazy Yiuf
  6352 | D:6      | Reached skill level 10 in Polearms
  6476 | D:6      | Reached XP level 9. HP: 71/73 MP: 9/9
  6530 | D:6      | Found a staircase to the Ecumenical Temple.
  6536 | Temple   | Entered the Ecumenical Temple
  6612 | Temple   | Became a worshipper of Trog the Wrathful
  6706 | D:6      | Found a bloodstained altar of Trog.
  6762 | D:6      | Reached skill level 11 in Polearms
  7504 | D:7      | Reached * piety under Trog
  7721 | D:7      | Reached skill level 12 in Polearms
  8184 | D:8      | Noticed a two-headed ogre
  8211 | D:8      | Killed a two-headed ogre
  8211 | D:8      | Reached skill level 13 in Polearms
  8211 | D:8      | Reached XP level 10. HP: 83/83 MP: 10/10
  8761 | D:8      | Reached skill level 10 in Dodging
  8766 | D:8      | Reached ** piety under Trog
  8861 | D:8      | Reached skill level 14 in Polearms
  9238 | D:9      | Found a staircase to the Lair.
  9310 | D:9      | Found an opulent altar of Gozag.
  9632 | D:9      | Reached skill level 10 in Fighting
  9640 | D:9      | Reached skill level 15 in Polearms
  9940 | D:9      | Reached XP level 11. HP: 49/90 MP: 11/11
 10196 | D:9      | Reached *** piety under Trog
 10229 | D:9      | Found a staircase to the Orcish Mines.
 10364 | D:10     | Entered Level 10 of the Dungeon
 10422 | D:10     | Received a gift from Trog
 10588 | D:10     | Reached skill level 16 in Polearms
 10636 | D:10     | Paralysed by a hornet for 1 turns
 11305 | D:10     | Found Ohyg's Distillery.
 11310 | D:10     | Bought a potion of heal wounds for 55 gold pieces
 11310 | D:10     | Bought a potion of invisibility for 88 gold pieces
 11310 | D:10     | Bought a potion of heal wounds for 55 gold pieces
 11845 | Lair:1   | Entered Level 1 of the Lair of Beasts
 11960 | Lair:1   | Reached **** piety under Trog
 13258 | Lair:1   | Reached XP level 12. HP: 100/100 MP: 12/12
 13377 | Lair:2   | Reached skill level 17 in Polearms
 13755 | Lair:2   | Noticed Fannar
 13755 | Lair:2   | Found a staircase to the Snake Pit.
 13790 | Lair:2   | Killed Fannar
 14419 | Lair:3   | Found a labyrinth entrance.
 14450 | Lab      | Entered a labyrinth
 14845 | Lab      | Noticed a minotaur
 14852 | Lab      | Killed a minotaur
 14858 | Lab      | Got a twitching bronze ring
 14863 | Lab      | Got a bloodstained great sword
 14946 | Lair:3   | Identified the ring "Jij Ycur" {rF+ rC+ AC+4 Str-2} (You found it in a labyrinth)
 14977 | Lair:3   | Noticed a death yak
 15156 | Lair:2   | Killed a death yak
 15276 | Lair:3   | Found a runed door.
 15334 | Lair:3   | Noticed Rupert
 15360 | Lair:3   | Slain by Rupert

Skill      XL: |  1  2  3  4  5  6  7  8  9 10 11 12 |
---------------+-------------------------------------+-----
Dodging        | 2 3 4 5 6 7 9 10 12 13 | 13.2
Fighting       | 5 6 7 9 10 11 12 | 12.0
Polearms       | 2 3 4 6 8 10 13 15 16 17 | 17.6
Armour         | 2 3 |  3.9
Long Blades    | |  1.1
Bows           | |  1.0
Stealth        | |  1.1
Evocations     | |  1.0

Action                   |  1- 3 |  4- 6 |  7- 9 | 10-12 || total
-------------------------+-------+-------+-------+-------++-------
Melee: Falchion          |    62 |       |       |       ||    62
       Halberd           |    43 |   108 |     2 |   401 ||   554
       Trident           |       |       |   637 |   578 ||  1215
Invok: Berserk           |       |       |     1 |     6 ||     7
       Trog's Hand       |       |       |       |     2 ||     2
       Brothers in Arms  |       |       |       |     1 ||     1
Evoke: Wand              |       |       |     7 |     8 ||    15
  Use: Scroll            |     2 |     5 |     3 |    16 ||    26
       Potion            |       |       |     1 |       ||     1
  Eat: Chunk             |     2 |     4 |    16 |    20 ||    42
       Ration            |       |       |       |     4 ||     4
Armor: Ring mail         |    40 |    36 |   217 |   229 ||   522
       Ice dragon scales |       |       |       |    22 ||    22
Dodge: Dodged            |    73 |    62 |   283 |   385 ||   803
Block: Shield            |       |       |    85 |   114 ||   199
       Rpst.: Falchion   |    16 |       |       |       ||    16
